 Dungeon Crawl Stone Soup version 0.31-a0-845-g9abc20d24f (webtiles) character file.

Game seed: 13997419536491238596

610 Kurtz the Cleaver (level 7, -1/69 HPs)
             Began as an Octopode Fighter on Oct 2, 2023.
             Succumbed to a scorpion's poison
             ... on level 5 of the Dungeon.
             The game lasted 00:02:40 (3130 turns).

Kurtz the Cleaver (Octopode Fighter)                Turns: 3130, Time: 00:02:41

Health: -1/69      AC:  1    Str: 15    XL:     7   Next: 43%
Magic:  7/7        EV: 13    Int: 17    God:
Gold:   205        SH:  4    Dex: 13    Spells: 6/6 levels left

rFire   + . .        a - +0 war axe
rCold   + . .        b - +0 buckler
rNeg    . . .        (helmet restricted)
rPois   +            (no amulet)
rElec   +            p - ring of flight
rCorr   +            w - +6 ring of intelligence
SInv    .            (no ring)
Will    .....        (no ring) Stlth
                     (no ring)
HPRegen 0.31/turn    (no ring)
MPRegen 0.10/turn    (no ring)
                     (no ring)

%: no passive effects
@: mighty, berserking, lethally poisoned (-1 -> -9), resistant, attractive,
flying, invisible, very quick
A: almost no armour, amphibious, 8 rings, camouflage 1, gelatinous body 1,
(nimble swimmer 1), tentacles, high MP 1
a: no special abilities


You were on level 5 of the Dungeon.
You visited 1 branch of the dungeon, and saw 6 of its levels.

You collected 205 gold pieces.

Inventory:

Hand Weapons
 a - a +0 war axe (weapon)
Missiles
 j - 12 poisoned darts
Armour
 b - a +0 buckler (worn)
Jewellery
 m - a ring of magical power
 p - a ring of flight (left tentacle)
 w - a +6 ring of intelligence (right tentacle)
Wands
 t - a wand of mindburst (7)
Scrolls
 e - 5 scrolls of teleportation {unknown}
 f - a scroll of enchant armour {unknown}
 g - a scroll of vulnerability {unknown}
 h - a scroll of fog {unknown}
 i - 5 scrolls of identify {unknown}
 l - a scroll of noise {unknown}
 o - a scroll of silence {unknown}
 q - a scroll of poison {unknown}
 s - a scroll of summoning {unknown}
 x - a scroll of brand weapon {unknown}
 y - 2 scrolls of amnesia {unknown}
Potions
 c - a potion of might
 r - a potion of mutation
 z - a potion of heal wounds {unknown}


   Skills:
 - Level 3.0 Fighting
 * Level 8.1 Axes
 - Level 3.0 Dodging
 - Level 3.0 Shields


You had 6 spell levels left.
You didn't know any spells.
Your spell library contained the following spells:

 Spells                   Type           Power      Damage    Failure   Level
 Sublimation of Blood     Necr           0%         N/A       43%         2
 Wereblood                Tmut           0%         N/A       43%         2
 Summon Hydra             Summ           0%         N/A       100%        7


Dungeon Overview and Level Annotations

Branches:
Dungeon (6/15)
 Temple: D:4-7

Altars:
Kikubaaqudgha

Shops:
D:2 =


Innate Abilities, Weirdness & Mutations

You cannot wear most types of armour.
You are amphibious.
You can wear up to eight rings at the same time.
Your skin changes colour to match your surroundings (Stealth+).
Your rubbery body absorbs attacks. (AC +1, EV +1)
((You are camouflaged when in or above water. (Stealth+)))
You have tentacles for arms and can constrict up to eight enemies at once.
You have an increased reservoir of magic. (+10% MP)


Message History

It was a potion of resistance.
You feel protected.
The water moccasin completely misses you.
The water moccasin bites you.
* * * LOW HITPOINT WARNING * * *
It was a potion of berserk rage.
A red film seems to cover your vision as you go berserk!
You feel yourself moving faster!
You feel mighty! The water moccasin closely misses you.
You miss the water moccasin. Your grab misses the water moccasin.
The water moccasin is almost dead.
The water moccasin misses you.
You closely miss the water moccasin. Your grab misses the water moccasin.
The water moccasin is almost dead.
The water moccasin bites you.
* * * LOW HITPOINT WARNING * * *
You barely miss the water moccasin. Your grab misses the water moccasin.
You squeeze the water moccasin.
The water moccasin is almost dead.
The water moccasin barely misses you. The scorpion is attracted toward you.
You hit the scorpion. You grab the scorpion.
The scorpion is lightly wounded.
You slash the water moccasin!
You kill the water moccasin!
You constrict the scorpion, but do no damage.
The scorpion closely misses you.
Your Axes skill increases to level 8!
You hit the gnoll. You grab the gnoll. You squeeze the gnoll!
You kill the gnoll!
You hit the scorpion.
You constrict the scorpion, but do no damage.
The scorpion stings you.
* * * LOW HITPOINT WARNING * * *
You are lethally poisoned!
The scorpion poisons you!
You catch the helpless scorpion completely off-guard!
You hit the scorpion.
The scorpion is heavily wounded.
You constrict the scorpion, but do no damage.
You die...

#.# ###.#......# ##.####
#..........## ......#
.##.#....##..... ##.##.###
.......>........ ##.##.#.##
.##?............ ##.[.).>.#
#..........### #####.#.##
##.#.......# #####.#.#
#####.#...#..## ......#.###
#.s@<...)##..#
#######.#.####ยง###........#
#..#........##......#
#.###.##.##........... #.##
##.#.#####.#.###.# ## ##.#
#.#.# # #.. ..#.. ### #.#...


You could see a scorpion (unable to see you).

Vanquished Creatures
  Sigmund (D:3)
  A water moccasin (D:5)
  A kobold brigand (D:4)
  A phantom (D:4)
  A hound (D:6)
  An orc priest (D:3)
  4 gnolls (D:5)
  4 adders
  A worm (D:2)
  3 dart slugs
  4 orcs
  4 ball pythons
  9 bats
  2 endoplasms
  A giant cockroach (D:2)
  5 goblins
  5 hobgoblins
  A quokka (D:1)
  3 frilled lizards (D:1)
  16 kobolds
  4 rats
72 creatures vanquished.

Vanquished Creatures (others)
  A human (D:4)
1 creature vanquished.

Grand Total: 73 creatures vanquished

Notes
Turn   | Place    | Note
-------+----------+-------------------------------------------
     0 | D:1      | Kurtz the Octopode Fighter began the quest for the Orb.
     0 | D:1      | Reached XP level 1. HP: 16/16 MP: 1/1
   129 | D:1      | Reached XP level 2. HP: 16/21 MP: 2/2
   163 | D:1      | Reached skill level 3 in Axes
   495 | D:1      | Reached XP level 3. HP: 26/26 MP: 3/3
   849 | D:2      | Found Hiurokaodgh's Jewellery Shop.
  1221 | D:3      | Reached skill level 4 in Axes
  1307 | D:3      | Reached XP level 4. HP: 29/31 MP: 4/4
  1391 | D:3      | Noticed Sigmund
  1406 | D:3      | Killed Sigmund
  1407 | D:3      | Reached skill level 5 in Axes
  1407 | D:3      | Reached XP level 5. HP: 12/36 MP: 5/5
  1657 | D:3      | Reached skill level 6 in Axes
  1661 | D:3      | Reached XP level 6. HP: 36/42 MP: 6/6
  2562 | D:4      | Found an ancient bone altar of Kikubaaqudgha.
  2565 | D:4      | Noticed a human
  2568 | D:4      | Killed a human
  2587 | D:4      | Reached skill level 7 in Axes
  2952 | D:5      | Entered Level 5 of the Dungeon
  2985 | D:5      | Noticed a water moccasin
  2995 | D:6      | Reached XP level 7. HP: 33/46 MP: 7/7
  3118 | D:5      | Gained mutation: You have an increased reservoir of magic.
                  | (+10% MP) [potion of mutation]
  3123 | D:5      | HP: 2/46 [water moccasin (3)]
  3129 | D:5      | Reached skill level 8 in Axes
  3129 | D:5      | HP: 1/69 [scorpion (1)]
  3130 | D:5      | Succumbed to a scorpion's poison

Illustrated notes

Levels and vault maps discovered:
D:1:      saegor_arrival_simple_c, layout_loops_ring
D:2:      layout_rooms, serial_glass, glass_columns_a, glass_columns_a,
          serial_shops, shop
D:3:      layout_loops_corners, uniq_sigmund
D:4:      cheibrodos_thug_alley, layout_rooms, tgw_kikubaaqudgha, hex_large
D:5:      layout_loops_cross, lemuel_round_altar
D:6:      layout_rooms, minmay_temple_entry_junction_2, serial_shops,
          nicolae_shop_industrial_runoff,
          hangedman_abyss_or_decor_jellyfish_corner, kennysheep_diamond

Skill      XL: |  1  2  3  4  5  6  7 |
---------------+----------------------+-----
Axes           | 3 4 5 6 7 8 |  8.1
Fighting       | |  3.0
Dodging        | |  3.0
Shields        | |  3.0

Action                     |  1- 3 |  4- 6 |  7- 9 || total
---------------------------+-------+-------+-------++-------
  Melee: War axe           |    66 |    62 |    18 ||   146
         Constrict         |    18 |    12 |     5 ||    35
         Tentacles         |    13 |    12 |     8 ||    33
         Punch             |     1 |     2 |     2 ||     5
    Use: Potion            |       |       |     7 ||     7
   Stab: Sleeping          |     6 |     1 |       ||     7
         Invisible         |       |       |     1 ||     1
 Armour: Skin              |    20 |    23 |    12 ||    55
  Dodge: Dodged            |    39 |    28 |    14 ||    81
  Block: Buckler           |    14 |     8 |     3 ||    25

Table legend: (Time is in decaauts)
 A = Elapsed time spent in this place.
 B = Non-inter-level travel time spent in this place.
 C = Inter-level travel time spent in this place.
 D = Time resting spent in this place.
 E = Time spent auto-exploring this place.
 F = Levels seen in this place.
 G = Mean time per level.
                   A        B        C        D        E       F      G
               +--------+--------+--------+--------+--------+-----+--------+
         Total |   3168 |   3061 |    107 |    281 |   2273 |   6 |  528.0 |
       Dungeon |   3168 |   3061 |    107 |    281 |   2273 |   6 |  528.0 |
               +--------+--------+--------+--------+--------+-----+--------+

Top non-repeatable levels by time:
     D:3: 981 daAuts
     D:4: 777 daAuts
     D:1: 739 daAuts
     D:2: 492 daAuts
     D:5: 167 daAuts
     D:6: 11 daAuts
